 Dungeon Crawl Stone Soup version 5.7-8-g3a8b389 (webtiles) character file.

57 Sir the Vexing (level 5, -1/32 HPs)
             Began as a Kobold Arcane Marksman on Aug 25, 2018.
             Was an Initiate of Nemelex Xobeh.
             Killed from afar by an orc wizard (10 damage)
             ... with a puff of frost
             ... on level 3 of the Dungeon.
             The game lasted 00:04:55 (1738 turns).

Sir the Vexing (Kobold Arcane Marksman)             Turns: 1738, Time: 00:04:57

Health: -1/32      AC: 13 (39%)Str: 10  XL:     5   Next: 36%
Magic:  9/9        EV:  8    Int: 17    God:    Nemelex Xobeh [0*[20]]
Gold:   213        SH:  0    Dex: 15    Spells: 5/10 levels left

rFire    . . .     SeeInvis .   j - +1 dagger (drain)
rCold    . . .     Faith    .   (shield restricted)
rNeg     + . .     Spirit   .   e - +0 storm dragon scales
rPois    .         Reflect  .   m - +0 helmet
rElec    +                      d - +0 cloak
rCorr    .                      (no gloves)
MR       .....                  (no boots)
Stlth    ..........             (no amulet)
Regen    0.1/turn               i - ring of wizardry
MPRegen  0.2/turn               q - ring of positive energy

@: no status effects
A: evolution
a: Renounce Religion


You were on level 3 of the Dungeon.
You worshipped Nemelex Xobeh.
Nemelex Xobeh was noncommittal.
You were not hungry.

You visited 1 branch of the dungeon, and saw 3 of its levels.

You collected 213 gold pieces.

Inventory:

Hand Weapons
 a - a +1 shortbow
 b - a +0 dagger
 j - a +1 dagger of draining (weapon)
Armour
 c - a +0 robe
 d - a +0 cloak (worn)
 e - +0 storm dragon scales (worn)
 m - a +0 helmet (worn)
 p - a +0 shield
Jewellery
 i - a ring of wizardry (left hand)
 q - a ring of positive energy (right hand)
Scrolls
 g - 2 scrolls of fear
 h - a scroll of amnesia
 l - 4 scrolls of teleportation
 n - a scroll of magic mapping
Potions
 f - a potion of heal wounds
 k - a potion of resistance
Miscellaneous
 o - an ornate deck of summoning {cards: 5} {!d}


   Skills:
 + Level 3.3 Fighting
 + Level 2.0 Blades
 + Level 2.0 Axes
 + Level 2.0 Maces & Staves
 + Level 2.0 Polearms
 + Level 4.6 Bows & Xbows
 + Level 2.0 Throwing
 + Level 2.0 Armour
 + Level 4.6 Dodging
 + Level 2.0 Stealth
 + Level 2.0 Shields
 + Level 2.0 Unarmed Combat
 + Level 7.3 Hexes
 + Level 2.0 Charms
 + Level 2.0 Summonings
 + Level 2.0 Necromancy
 + Level 2.0 Translocations
 + Level 2.0 Transmutations
 + Level 2.0 Fire Magic
 + Level 2.0 Ice Magic
 + Level 2.0 Air Magic
 + Level 2.0 Earth Magic
 + Level 2.0 Invocations
 + Level 2.0 Evocations


You had 5 spell levels left.
You knew the following spells:

 Your Spells              Type           Power        Failure   Level  Hunger
a - Corona                Hex            24 (90)      32%         1    N/A
b - Blink                 Tloc           N/A          98%         2    N/A
c - Slow                  Hex            24 (100)     45%         2    N/A

Your spell library contained the following spells:

 Spells                   Type           Power        Failure   Level  Hunger
 Cause Fear               Hex            24 (200)     96%         4    N/A
 Portal Projectile        Hex/Tloc       15 (50)      95%         3    N/A
 Leda's Liquefaction      Hex/Erth       15 (200)     100%        4    N/A

Dungeon Overview and Level Annotations

Branches:
Dungeon (3/15)

Altars:
Makhleb
Nemelex Xobeh
Zin


Innate Abilities, Weirdness & Mutations

You are small and have problems with some larger weapons.
You evolve.


Message History

Unknown command.
You hit the adder but do no damage.
The adder is almost dead.
The orc wizard hits you but does no damage.
The adder completely misses you. The orc hits you but does no damage.
The orc wizard hits you but does no damage.
Unknown command.
You hit the adder but do no damage.
The adder is almost dead.
The adder bites you but does no damage.
The orc wizard hits you but does no damage.
The orc hits you but does no damage.
Unknown command.
You barely miss the adder.
The adder is almost dead.
The adder bites you but does no damage.
The orc wizard points at you and mumbles some strange words.
The puff of frost hits you!
That hurt (10)!
You die...
Your body disappears without a glow.

##...>.....# ....
...........# .....
...........########.....
...........#............
...........#............
.......)...#............
........s...#......$####
.........o##o.............
#..........@Ss........#####
#........#.###..........#
...........# #######......
...........##### .#..#..
...............### ..#....
.................# #.#...
..........#..##... .> #.
#........##..# .. .
##......###..## .#


You could see a scorpion, an orc wizard, an adder, an orc and a giant cockroach.

Vanquished Creatures
  A crimson imp (D:2)
  3 adders
  3 dart slugs (D:1)
  6 quokkas
  A giant cockroach (D:1)
  5 goblins
  3 hobgoblins
  3 jackals (D:2)
  A ball python (D:1)
  5 bats
  5 frilled lizards
  7 kobolds
  8 rats
51 creatures vanquished.

Notes
Turn   | Place    | Note
-------+----------+-------------------------------------------
     0 | D:1      | Sir the Kobold Arcane Marksman began the quest for the Orb.
     0 | D:1      | Reached XP level 1. HP: 12/12 MP: 2/2
    38 | D:1      | Gained mutation: You evolve. [Kobold growth]
    38 | D:1      | Reached XP level 2. HP: 17/17 MP: 4/4
   260 | D:1      | Reached XP level 3. HP: 14/22 MP: 5/5
  1014 | D:2      | Learned a level 2 spell: Blink
  1015 | D:2      | Learned a level 2 spell: Slow
  1069 | D:2      | Found a glowing silver altar of Zin.
  1079 | D:2      | Reached XP level 4. HP: 25/27 MP: 7/7
  1108 | D:2      | Found a sparkling altar of Nemelex Xobeh.
  1157 | D:2      | Became a worshipper of Nemelex Xobeh the Trickster
  1281 | D:2      | Reached XP level 5. HP: 25/32 MP: 9/9
  1432 | D:2      | Received a gift from Nemelex Xobeh
  1475 | D:2      | Found a burning altar of Makhleb.
  1738 | D:3      | Killed from afar by an orc wizard

Action                   |  1- 3 |  4- 6 || total
-------------------------+-------+-------++-------
Melee: Dagger            |       |    27 ||    27
 Fire: Shortbow          |    90 |   132 ||   222
Armor: Robe              |     5 |       ||     5
       Storm dragon scal |    14 |    91 ||   105
Dodge: Dodged            |    20 |    64 ||    84
